 Dungeon Crawl Stone Soup version 0.27.1-2-g3b301248ec (webtiles) character file.

Game seed: 5321379938662180309

323 Kinoniko the Cudgeller (level 6, -1/47 HPs)
             Began as a Demonspawn Berserker on Oct 1, 2021.
             Was a Priest of Trog.
             Slain by an iguana (4 damage)
             ... on level 4 of the Dungeon.
             The game lasted 00:03:18 (4750 turns).

Kinoniko the Cudgeller (Demonspawn Berserker)       Turns: 4750, Time: 00:03:18

Health: -1/47      AC: 11    Str: 19    XL:     6   Next: 23%
Magic:  6/6        EV:  6    Int:  9    God:    Trog [***...]
Gold:   83         SH:  0    Dex: 12    Spells: 5/5 levels left

rFire    . . .     SeeInvis .   a - +1 mace
rCold    . . .     Faith    .   (no shield)
rNeg     . . .     Spirit   .   j - +0 plate armour
rPois    +         Reflect  .   (helmet restricted)
rElec    .         Harm     .   q - +0 cloak
rCorr    .         Rampage  .   (no gloves)
Will     .....                  (no boots)
Stlth    ..........             (no amulet)
HPRegen  0.15/turn              d - ring of poison resistance
MPRegen  0.10/turn              (no ring)

@: on berserk cooldown, slowed, very slow
A: antennae 2, claws 1, hooves 1
a: Renounce Religion, Berserk, Trog's Hand


You were on level 4 of the Dungeon.
You worshipped Trog.
Trog was most pleased with you.
You visited 1 branch of the dungeon, and saw 4 of its levels.

You collected 83 gold pieces.

Inventory:

Hand Weapons
 a - a +1 mace (weapon)
Armour
 b - a +0 animal skin
 j - a +0 plate armour (worn)
 q - a +0 cloak (worn)
 s - a +0 kite shield
Jewellery
 d - a ring of poison resistance (left claw)
 t - a ring of ice
Wands
 m - a wand of acid (7)
 p - a wand of flame (17)
Scrolls
 f - a scroll of magic mapping
 g - 2 scrolls of identify
 i - 2 scrolls of teleportation
 o - a scroll of silence
Potions
 c - 2 potions of heal wounds {unknown}
 e - a potion of mutation {unknown}
 h - 2 potions of degeneration {unknown}
 k - a potion of curing {unknown}
 l - 2 potions of flight {unknown}
 n - a potion of attraction {unknown}
 r - a potion of resistance {unknown}


   Skills:
 - Level 3.0 Fighting
 * Level 6.4 Maces & Flails
 - Level 1.7 Armour
 - Level 1.7 Dodging


You had 5 spell levels left.
You didn't know any spells.
Your spell library contained the following spells:

 Spells                   Type           Power      Damage    Failure   Level
 Corona                   Hex            0%         N/A       100%        1
 Sandblast                Erth           0%         2d4       100%        1
 Ensorcelled Hibernation  Hex/Ice        0%         N/A       100%        2
 Passwall                 Tmut/Erth      0%         N/A       100%        2
 Gell's Gravitas          Tloc           0%         N/A       100%        3
 Teleport Other           Tloc           0%         N/A       100%        3
 Tukima's Dance           Hex            0%         N/A       100%        3
 Lee's Rapid Deconstruct  Erth           0%         3d5*      100%        5
 Dispersal                Tloc           0%         N/A       100%        6


Dungeon Overview and Level Annotations

Branches:
Dungeon (4/15)
 Temple: D:4-7

Altars:


Innate Abilities, Weirdness & Mutations

You have a pair of antennae on your head.
You have sharp fingernails.
You have large cloven feet.


Message History

You are too injured to fight recklessly!
You are too injured to fight recklessly!
You are too injured to fight recklessly!
You are too injured to fight recklessly!
You are too injured to fight recklessly!
You are too injured to fight recklessly!
Unknown command.
A red film seems to cover your vision as you go berserk!
You feel yourself moving faster!
You feel mighty! The iguana bites you!
* * * LOW HITPOINT WARNING * * *
You feel a strong urge to attack something.
The iguana barely misses you.
You closely miss the iguana.
The iguana is severely wounded.
You sock the ball python!
You kill the ball python!
Trog accepts your kill.
The iguana bites you but does no damage.
You hit the iguana. Your kick misses the iguana.
The iguana is almost dead.
The goblin hits you but does no damage.
You sock the iguana!
You kill the iguana!
Trog accepts your kill. The goblin hits you but does no damage.
You see here an iguana corpse.
You completely miss the goblin. Your kick misses the goblin.
You are no longer berserk.
You are exhausted.
You feel yourself slow down. The goblin hits you but does no damage.
You sock the goblin!
You kill the goblin!
Trog accepts your kill. The iguana bites you!
* * * LOW HITPOINT WARNING * * *
You hit the iguana but do no damage. Your kick misses the iguana.
The iguana bites you.
* * * LOW HITPOINT WARNING * * *
The iguana bites you.
You die...

#..,,,...........########
###***.####..##### #,,,,*
#..# **##.**,####..#
*,,...,,......#
***,###(#*#.###.*
*,,,#.....#!#.#.##
*,*,#.....#..#...######
*,*,....>.l@###....,..#
*,*,#.....#.# ##.##*#.#
*,,,#.....#.###...###.######
*,,,###.###..#.....)........
*,,,..............#########.
*,,,......####...## #.
***,######* ##^## #. *,* #.#
#. *,* #.# #####.


You could see an iguana.

Vanquished Creatures
  2 hounds
  Crazy Yiuf (D:3)
  An iguana (D:4)
  Jessica (D:2)
  Ijyb (D:3)
  6 adders
  2 worms (D:3)
  3 dart slugs
  An orc (D:4)
  9 ball pythons
  10 endoplasms
  2 giant cockroaches
  6 goblins
  10 hobgoblins
  4 jackals (D:2)
  4 quokkas
  10 bats
  4 frilled lizards
  7 kobolds
  4 rats
88 creatures vanquished.

Notes
Turn   | Place    | Note
-------+----------+-------------------------------------------
     0 | D:1      | Kinoniko the Demonspawn Berserker began the quest for the
                  | Orb.
     0 | D:1      | Reached XP level 1. HP: 18/18 MP: 1/1
    58 | D:1      | Reached skill level 3 in Maces & Flails
   408 | D:1      | You fall into a shaft and drop 1 floor!
   431 | D:2      | Gained mutation: You have large cloven feet. [demonic
                  | ancestry]
   431 | D:2      | Reached XP level 2. HP: 14/24 MP: 2/2
  1227 | D:1      | Reached ** piety under Trog
  1228 | D:1      | Gained mutation: You have a pair of small antennae on your
                  | head. [demonic ancestry]
  1228 | D:1      | Reached XP level 3. HP: 25/29 MP: 3/3
  1396 | D:1      | Reached skill level 4 in Maces & Flails
  2079 | D:2      | Noticed Jessica
  2088 | D:2      | Killed Jessica
  2089 | D:2      | Reached XP level 4. HP: 18/35 MP: 4/4
  2471 | D:2      | Reached skill level 5 in Maces & Flails
  3071 | D:3      | Gained mutation: You have a pair of antennae on your head.
                  | [demonic ancestry]
  3071 | D:3      | Reached XP level 5. HP: 41/41 MP: 5/5
  3101 | D:3      | Noticed Ijyb
  3107 | D:3      | Killed Ijyb
  3583 | D:3      | Found a runed translucent door.
  3584 | D:3      | Noticed Crazy Yiuf
  3592 | D:3      | Killed Crazy Yiuf
  3888 | D:3      | Reached *** piety under Trog
  3926 | D:3      | Found a faded altar of an unknown god.
  4175 | D:4      | Reached skill level 6 in Maces & Flails
  4379 | D:4      | Identified the +0 robe of Hutenaf {Int+4 Dex+7}
  4456 | D:4      | Gained mutation: You have sharp fingernails. [demonic
                  | ancestry]
  4456 | D:4      | Reached XP level 6. HP: 44/47 MP: 6/6
  4750 | D:4      | Slain by an iguana

Illustrated notes

Levels and vault maps discovered:
D:1:      dpeg_arrival_boxes_within_box, layout_loops_ring
D:2:      minmay_diamond_boxcup, layout_basic, uniq_jessica
D:3:      layout_loops_ring, dreamdust_ecumenical_altar_grove, uniq_ijyb,
          uniq_crazy_yiuf_cottage
D:4:      layout_loops_corners, st_stairs_3

Skill      XL: |  1  2  3  4  5 |
---------------+----------------+-----
Maces & Flails | 3 4 5 6 |  6.4
Fighting       | |  3.0
Armour         | |  1.7
Dodging        | |  1.7

Action                   |  1- 3 |  4- 6 || total
-------------------------+-------+-------++-------
Melee: Mace              |   116 |   128 ||   244
       Kick              |    19 |    23 ||    42
Invok: Berserk           |     4 |     3 ||     7
  Use: Scroll            |       |     5 ||     5
 Stab: Sleeping          |     2 |       ||     2
Armor: Animal skin       |    31 |       ||    31
       Plate armour      |       |    72 ||    72
Dodge: Dodged            |   114 |    27 ||   141
